 Dungeon Crawl Stone Soup version 0.15-a0-413-gc6111ba (webtiles) character file.

3373 Leibowitz the Shield-Bearer (level 9, -5/74 HPs)
             Began as a Demigod Fighter on May 5, 2014.
             Slain by a goliath beetle (16 damage)
             ... on Level 7 of the Dungeon.
             The game lasted 00:36:56 (9008 turns).

Leibowitz the Shield-Bearer (Demigod Fighter)       Turns: 9008, Time: 00:36:57

HP  -5/74        AC 11     Str 19      XL: 9   Next: 31%
MP  15/15        EV  7     Int 15      God:
Gold 331         SH 23     Dex 19      Spells:  0 memorised,  8 levels left

rFire  . . .     SeeInvis .     a - +0,+1 long sword
rCold  . . .     Clarity  .     p - +0 scale mail
rNeg   . . .     Conserve .     c - +0 shield
rPois  .         rCorr    .     (no helmet)
rElec  .         rRot     .     t - +0 cloak
SustAb . .       Spirit   .     k - +1 pair of gloves
rMut   .         Warding  .     (no boots)
Saprov . . .     Stasis   .     (no amulet)
MR     .....                    (no ring)
                                (no ring)

@: lethally poisoned, very slightly contaminated, hasted, very quick, not
resistant to hostile enchantments, extremely unstealthy
A: fast metabolism 1, mutation resistance 1, screaming 1
a: no special abilities


You were on level 7 of the Dungeon.
You were hungry.

You visited 1 branch of the dungeon, and saw 7 of its levels.
You also visited: Sewer.

You collected 331 gold pieces.

Inventory:

Hand weapons
 a - a +0,+1 long sword (weapon)
 s - a +0,+0 falchion
Missiles
 w - 13 poisoned needles
Armour
 c - a +0 shield (worn)
 h - a +2 pair of boots
 k - a +1 pair of gloves (worn)
 p - a +0 scale mail (worn)
 t - a +0 cloak (worn)
 C - a cursed +0 plate armour
Magical devices
 e - a wand of digging (10)
 u - a wand of fire (12)
 y - a wand of draining (8)
Comestibles
 b - a cheese
 d - 4 bread rations
 f - 3 pears
 l - 4 apples
 r - a lemon
 v - 2 rotting chunks of worker ant flesh
 z - a meat ration
 F - an orange
 G - a snozzcumber
 H - an apricot
 I - 2 chunks of hobgoblin flesh
Scrolls
 g - 8 scrolls of identify
 m - 9 scrolls of remove curse
 n - 2 scrolls of enchant armour
 q - 2 scrolls of enchant weapon II
 E - a scroll of teleportation
Potions
 i - 6 potions of curing
 j - 2 potions of agility
 o - a potion of heal wounds
 D - a potion of porridge
 J - a potion of restore abilities


   Skills:
 * Level 5.3 Fighting
 * Level 6.1 Long Blades
 * Level 6.2 Armour
 + Level 4.6 Dodging
 * Level 6.8 Shields
 + Level 0.4 Evocations


You had 8 spell levels left.
You didn't know any spells.

Dungeon Overview and Level Annotations

Branches:
Dungeon (7/15)             Temple (0/1) D:4


Innate Abilities, Weirdness & Mutations

You have a fast metabolism.
You are somewhat resistant to further mutation.
You occasionally shout uncontrollably.


Message History

You feel sick.
You hit the goliath beetle.
The goliath beetle is lightly wounded.
You hit the goliath beetle but do no damage.
The goliath beetle is lightly wounded.
You block the goliath beetle's attack.
You hit the goliath beetle but do no damage.
The goliath beetle is lightly wounded.
You feel sick.
You hit the goliath beetle but do no damage.
The goliath beetle is lightly wounded.
You hit the goliath beetle.
The goliath beetle is lightly wounded.
The goliath beetle bites you but does no damage.
You hit the goliath beetle but do no damage.
The goliath beetle is lightly wounded.
You slash the goliath beetle!
The goliath beetle is moderately wounded.
You feel sick. The goliath beetle bites you!
You die...

#....#######....#...####..
#(...# #B...#.........
#....'B.s.b+....#......#..
#....#BByaa#....##..##..#.
#....#######....##..##....
#..........a....##......#.
#.......(.a.....##..##.#..
########B#########..##....
#.@..# #..###... ###..#
#..# ##..
######.%######..####..
.......................
......................
####..#######......... #..
#......... #.. #.......<.
#.. #.........


You could see a goliath beetle.

Vanquished Creatures
  A feature mimic (D:7)
  A wolf (D:6)
  A soldier ant (D:7)
  2 ice beasts (D:5)
  An ogre (D:7)
  3 centaurs
  4 gnoll sergeants (D:6)
  A giant frog (Sewer)
  2 scorpions
  2 killer bees (D:7)
  2 goliath beetles (D:7)
  A jelly (Sewer)
  3 crimson imps
  A big fish (D:4)
  A giant frog zombie (D:6)
  Crazy Yiuf (D:3)
  5 orc priests (D:4)
  3 gnoll shamans (D:6)
  8 hounds
  An iguana (D:5)
  5 worker ants
  An orc wizard (D:4)
  Terence (D:3)
  2 big fish zombies (D:2)
  An orc zombie (D:7)
  7 adders
  18 gnolls
  A worm zombie (D:7)
  14 giant mites
  An inept feature mimic (D:4)
  A shadow imp (D:4)
  12 giant geckos
  13 orcs
  15 ball pythons
  2 bat skeletons (D:4)
  7 goblins
  14 hobgoblins
  13 jackals
  A quokka (D:4)
  18 bats
  18 giant cockroaches
  8 giant newts
  A goblin zombie (D:5)
  A jackal skeleton (D:6)
  13 kobolds
  10 rats
242 creatures vanquished.

Vanquished Creatures (others)
  A gnoll (D:6)
1 creature vanquished.

Grand Total: 243 creatures vanquished

Notes
Turn   | Place    | Note
--------------------------------------------------------------
     0 | D:1      | Leibowitz, the Demigod Fighter, began the quest for the Orb.
     0 | D:1      | Reached XP level 1. HP: 18/18 MP: 2/2
   247 | D:1      | Reached skill level 3 in Fighting
   247 | D:1      | Reached XP level 2. HP: 16/26 MP: 3/3
  1112 | D:2      | Reached XP level 3. HP: 31/31 MP: 5/5
  1469 | D:2      | Found a basalt altar of Yredelemnul.
  1628 | D:3      | Noticed Crazy Yiuf
  1634 | D:3      | Killed Crazy Yiuf
  1634 | D:3      | Reached XP level 4. HP: 30/38 MP: 7/7
  1822 | D:3      | Noticed Terence
  1884 | D:3      | Reached XP level 5. HP: 30/45 MP: 8/8
  1891 | D:3      | Noticed a centaur
  1901 | D:3      | Killed a centaur
  1901 | D:3      | Reached skill level 1 in Dodging
  1963 | D:3      | Killed Terence
  2179 | D:3      | Found a glowing drain.
  2200 | Sewer    | Entered a sewer
  2245 | Sewer    | Reached XP level 6. HP: 51/51 MP: 10/10
  2262 | Sewer    | Reached skill level 4 in Armour
  3655 | D:3      | Gained mutation: You have a fast metabolism. [potion of mutation]
  3655 | D:3      | Gained mutation: You occasionally shout uncontrollably. [potion of mutation]
  3939 | D:4      | Reached XP level 7. HP: 53/58 MP: 12/12
  4288 | D:4      | Found a staircase to the Ecumenical Temple.
  4484 | D:5      | Entered Level 5 of the Dungeon
  5256 | D:4      | Reached skill level 5 in Shields
  5272 | D:4      | Found an ancient bone altar of Kikubaaqudgha.
  6147 | D:5      | Reached XP level 8. HP: 31/67 MP: 13/13
  6433 | D:6      | Found a glowing silver altar of Zin.
  6492 | D:6      | Gained mutation: You are somewhat resistant to further mutation. [potion of beneficial mutation]
  6545 | D:6      | Reached skill level 5 in Armour
  6637 | D:6      | HP: 3/67 [hound (2)]
  6638 | D:6      | HP: 1/67 [hound (2)]
  6654 | D:6      | Reached skill level 5 in Long Blades
  6924 | D:6      | Noticed an angel
  6926 | D:6      | Found a shimmering altar of Xom.
  7254 | D:6      | HP: 3/67 [gnoll/spear (3)]
  7284 | D:6      | Reached skill level 6 in Shields
  8419 | D:6      | Found a blossoming altar of Fedhas.
  8514 | D:7      | Found a staircase to the Ecumenical Temple.
  8556 | D:7      | Reached skill level 5 in Fighting
  8583 | D:7      | Reached XP level 9. HP: 53/74 MP: 15/15
  8878 | D:7      | the staircase to the Ecumenical Temple was a mimic.
  8891 | D:7      | Killed a staircase mimic
  9008 | D:7      | Slain by a goliath beetle

Action                   |  1- 3 |  4- 6 |  7- 9 || total
-------------------------+-------+-------+-------++-------
Melee: Long sword        |   135 |   343 |   614 ||  1092
       Falchion          |     3 |       |       ||     3
Throw: Throwing net      |       |       |     3 ||     3
       Javelin           |       |       |     3 ||     3
Evoke: Wand              |       |     2 |     1 ||     3
  Use: Potion            |     1 |     4 |    14 ||    19
       Scroll            |       |     8 |     3 ||    11
 Stab: Held in net/web   |       |       |     2 ||     2
